 Dungeon Crawl Stone Soup version 0.31.0-1-g2c135a0 (webtiles) character file.

Game seed: 14365534648851367774

41538 edsrzf the Carver (level 14, -5/106 HPs)
             Began as a Formicid Alchemist on Feb 2, 2024.
             Was a High Priest of Vehumet.
             Slain by a dire elephant (8 damage)
             ... on level 5 of the Lair of Beasts.
             The game lasted 00:57:58 (22837 turns).

edsrzf the Carver (Formicid Alchemist)             Turns: 22837, Time: 00:58:00

Health: -5/106     AC: 23    Str: 14    XL:     14   Next: 50%
Magic:  23/23      EV: 10    Int: 23    God:    Vehumet [*****.]
Gold:   1369       SH: 16    Dex: 14    Spells: 7/25 levels left

rFire   . . .        a - +6 triple sword (elec)
rCold   . . .        O - +1 buckler {AC+3}
rNeg    . . .        d - +4 scale mail
rPois   .            (helmet unavailable)
rElec   .            k - +2 cloak
rCorr   .            C - +0 pair of gloves
SInv    +            j - +0 pair of boots
Will    +....        P - amulet of reflection
Stlth   +            r - ring of wizardry
HPRegen 0.37/turn    y - +6 ring of intelligence
MPRegen 0.18/turn

%: reflection, wizardry (x1)
@: mighty
A: permanent stasis, dig shafts and tunnels, antennae 3, four strong arms, fangs
1, iridescent scales 1, large bone plates 1, dopey 1, shaggy fur 1
a: Dig, Shaft Self, Renounce Religion


You were on level 5 of the Lair of Beasts.
You worshipped Vehumet.
Vehumet was extremely pleased with you.
You visited 2 branches of the dungeon, and saw 17 of its levels.

You collected 1369 gold pieces.

Inventory:

Hand Weapons
 a - a +6 triple sword of electrocution (weapon)
Missiles
 G - 34 poisoned darts
 Q - 5 curare-tipped darts
Armour
 d - a +4 scale mail (worn)
 j - a +0 pair of boots (worn)
 k - a +2 cloak (worn)
 o - a +0 tower shield
 C - a +0 pair of gloves (worn)
 O - a +1 buckler of protection (worn)
Jewellery
 n - a +6 ring of strength
 r - a ring of wizardry (left hand)
 v - a ring of wizardry
 y - a +6 ring of intelligence (right hand)
 N - a ring of willpower
 P - an amulet of reflection (around neck)
 T - a ring of protection from cold
Wands
 z - a wand of paralysis (20)
 M - a wand of quicksilver (20)
 R - a wand of digging (3)
Scrolls
 b - a scroll of vulnerability
 f - 3 scrolls of noise {unknown}
 g - 5 scrolls of enchant armour
 h - 5 scrolls of amnesia
 i - 2 scrolls of fog {unknown}
 p - 5 scrolls of immolation
 t - a scroll of butterflies
 w - 9 scrolls of teleportation {@r3}
 B - a scroll of brand weapon
 D - 2 scrolls of blinking {unknown}
 J - 4 scrolls of revelation {unknown}
 S - 2 scrolls of poison
Potions
 c - a potion of cancellation
 e - a potion of resistance
 l - 3 potions of attraction
 m - a potion of curing
 q - 2 potions of enlightenment
 s - a potion of magic
 u - 3 potions of brilliance
 E - 2 potions of might
 F - 6 potions of mutation {!q}
 H - 2 potions of haste
 K - 6 potions of lignification


   Skills:
 - Level 8.3 Fighting
 + Level 12.6 Long Blades
 - Level 6.1 Armour
 - Level 3.2 Dodging
 - Level 2.4 Stealth
 - Level 9.3 Shields
 - Level 6.3 Spellcasting
 - Level 11.2 Conjurations
 - Level 7.5 Hexes
 - Level 5.1 Earth Magic
 - Level 10.0 Alchemy


You had 7 spell levels left.
You knew the following spells:

 Your Spells              Type           Power      Damage    Failure   Level
a - Sandblast             Erth           62%        2d14      1%          1
b - Stone Arrow           Conj/Erth      90%        3d12      1%          3
d - Tukima's Dance        Hex            41%        N/A       2%          3
r - Searing Ray           Conj           100%       2d8       1%          2
y - Yara's Violent Unrav  Hex/Alch       23%        3d10      3%          5
C - Mephitic Cloud        Conj/Alch/Air  39%        N/A       1%          3
X - Sting                 Conj/Alch      100%       1d9       1%          1

Your spell library contained the following spells:

 Spells                   Type           Power      Damage    Failure   Level
 Spellforged Servitor     Conj/Summ      16%        N/A       90%         7
 Magic Dart               Conj           100%       1d8       1%          1
 Shock                    Conj/Air       100%       1d9       1%          1
 Jinxbite                 Hex            82%        N/A       1%          2
 Mercury Vapours          Alch/Air       60%        N/A       1%          2
 Static Discharge         Conj/Air       66%        3-6/arc   1%          2
 Dazzling Flash           Conj/Hex       100%       N/A       1%          3
 Brom's Barrelling Bould  Conj/Erth      45%        2d6       1%          4
 Olgreb's Toxic Radiance  Alch           52%        N/A       1%          4
 Irradiate                Conj/Alch      27%        3d20      1%          5
 Inner Flame              Hex/Fire       24%        N/A       3%          3
 Ensorcelled Hibernation  Hex/Ice        48%        N/A       5%          2
 Ignite Poison            Fire/Alch      30%        N/A       5%          4
 Sticky Flame             Fire/Alch      30%        2d7       5%          4
 Cigotuvi's Dreadful Rot  Necr/Alch/Air  44%        N/A       6%          2
 Passwall                 Erth           31%        N/A       6%          3
 Alistair's Intoxication  Alch           34%        N/A       7%          5
 Arcjolt                  Conj/Air       16%        1d26      11%         5
 Volatile Blastmotes      Fire/Tloc      14%        2d11      12%         3
 Apportation              Tloc           14%        N/A       16%         1
 Freezing Cloud           Conj/Ice/Air   12%        6-21      21%         5
 Call Imp                 Summ           14%        N/A       24%         2
 Sublimation of Blood     Necr           7%         N/A       24%         2
 Airstrike                Air            3%         2d(1-17)  32%         4
 Gell's Gravitas          Tloc           7%         N/A       41%         3
 Teleport Other           Tloc           7%         N/A       41%         3
 Starburst                Conj/Fire      16%        6d6       45%         6
 Silence                  Hex/Air        12%        N/A       65%         5
 Passage of Golubria      Tloc           7%         N/A       80%         4
 Summon Lightning Spire   Summ/Air       7%         N/A       80%         4
 Curse of Agony           Necr           7%         N/A       98%         5
 Plasma Beam              Fire/Air       3%         2x1d13    98%         6
 Dispersal                Tloc           3%         N/A       100%        6
 Summon Hydra             Summ           3%         N/A       100%        7
 Ignition                 Fire           3%         3d4       99%         8
 Maxwell's Capacitive Co  Air            3%         ∞         99%         8
 Blink                    Tloc           Unusable   N/A       N/A         2
 Swiftness                Air            Unusable   N/A       N/A         3
 Vhi's Electric Charge    Tloc/Air       Unusable   N/A       N/A         4

Dungeon Overview and Level Annotations

Branches:
Dungeon (12/15)            Temple (0/1) D:4            Lair (5/5) D:9
  Swamp (0/4) Lair:3        Snake (0/4) Lair:2        Slime (0/5) Lair:4
    Orc (0/2) D:10

Altars:
Cheibriados
Dithmenos
Gozag
Hepliaklqana
Makhleb
Trog
Uskayaw
Vehumet
Xom
Yredelemnul
Zin

Portals:
Trove: D:11 (give horn of Geryon)

Annotations:
D:9 2 transporters, TobyRickard's ghost, novice MiBe
D:11 1 runed translucent door, Yphutt's ghost, journeyman GnSk
Lair:4 3 runed translucent doors, Agrajag's ghost, journeyman MiBe


Innate Abilities, Weirdness & Mutations

You cannot be hasted, slowed, berserked, paralysed or teleported.
You can dig through walls and to a lower floor.
You have a pair of large antennae on your head. (SInv)
Your four strong arms can wield two-handed weapons with a shield.
You have very sharp teeth.
You are partially covered in iridescent scales. (AC +2)
You are partially covered in large bone plates. (SH +4)
You are dopey. (Int -2)
You are covered in fur. (AC +1)


Message History

You block the spectral anaconda's attack.
The spectral anaconda constricts you.
The spectral anaconda loses its grip on you.
The necromancer casts a spell.
The necromancer binds the souls of nearby monsters.
You hit the dire elephant but do no damage.
The dire elephant tramples you!!
You stumble backwards!
You slash the dire elephant!
You bite the dire elephant, but do no damage.
The dire elephant is lightly wounded.
The dire elephant misses you.
The dire elephant trunk-slaps you but does no damage.
You barely miss the dire elephant.
The dire elephant is lightly wounded.
The dire elephant barely misses you. You block the dire elephant's attack.
You barely miss the dire elephant.
The dire elephant is lightly wounded.
You slash the dire elephant!
You bite the dire elephant, but do no damage.
The dire elephant is lightly wounded.
You block the dire elephant's attack.
The dire elephant trunk-slaps you but does no damage.
You completely miss the dire elephant.
The dire elephant is lightly wounded.
You block the dire elephant's attack. The dire elephant trunk-slaps you.
You block the dire elephant's attack. The dire elephant trunk-slaps you!
The dire elephant tramples you!
You stumble backwards!
The dire elephant attacks as it pursues you!
The dire elephant barely misses you.
The dire elephant trunk-slaps you but does no damage.
You block the dire elephant's attack.
The dire elephant completely misses you.
The dire elephant's soul is no longer bound.
There is a large open door here.
You slash the dire elephant!
The dire elephant is lightly wounded.
You block the dire elephant's attack. x2
The necromancer hits you but does no damage.
You slash the dire elephant!
Lightning courses through the dire elephant!
The dire elephant is moderately wounded.
The dire elephant's soul is no longer bound.
The dire elephant closely misses you. You block the dire elephant's attack.
You block the necromancer's attack.
The dire elephant completely misses you. x2
You hit the dire elephant but do no damage.
You bite the dire elephant.
The dire elephant is moderately wounded.
You block the dire elephant's attack.
The dire elephant trunk-slaps you but does no damage.
The necromancer hits you but does no damage.
The dire elephant tramples you!!
You hold your ground!
The dire elephant trunk-slaps you.
You extend your mandibles.
You dig through the rock wall.
You feel drained.
Okay, then.
Okay, then.
You feel very mighty all of a sudden. The spectral anaconda grabs you.
You block the spectral anaconda's attack.
The spectral anaconda constricts you.
The spectral anaconda barely misses you.
The spectral anaconda constricts you.
Unknown command.
You retract your mandibles.
You hit the dire elephant.
Lightning courses through the dire elephant!
You bite the dire elephant, but do no damage.
The dire elephant is moderately wounded.
The spectral anaconda bites you!
* * * LOW HITPOINT WARNING * * *
The spectral anaconda constricts you.
You block the dire elephant's attack. x2
The spectral anaconda bites you but does no damage.
The spectral anaconda constricts you. The dire elephant closely misses you.
The dire elephant barely misses you.
You slash the spectral anaconda!
The spectral anaconda is heavily damaged.
The spectral anaconda barely misses you.
The spectral anaconda constricts you.
You block the spectral anaconda's attack.
The spectral anaconda constricts you.
* * * LOW HITPOINT WARNING * * *
The necromancer mumbles some strange words.
The necromancer binds the souls of nearby monsters.
The dire elephant closely misses you. You block the dire elephant's attack.
You slice the spectral anaconda!!
You destroy the spectral anaconda!
Vehumet accepts your kill.
The necromancer hits you but does no damage.
You block the dire elephant's attack. x2
The necromancer hits you but does no damage.
Your life force feels restored.
Okay, then.
As you read the scroll of fear, it crumbles to dust.
You assume a fearsome visage.
The dire elephant easily resists.
The dire elephant resists with almost no effort.
The necromancer looks frightened!
The dire elephant tramples you!!
* * * LOW HITPOINT WARNING * * *
You hold your ground!
You block the dire elephant's attack. x2
The dire elephant trunk-slaps you!
You die...

##..## #...##...##
#....#####...#♣...###
#...##8..'...#♣.#.#.#
#....'..######P...†..
##...'....# #♣.......
#...####.# ♣........
#...'..#.##♣........
##.YYp.#..#♣......#.
##@#..##.##..####.#
###.p.#.###P.####.
#8.8#...#♣...###
##'####.##..P... #..
#..#...P.. ..~≈
##.#...... ~~≈≈~
#.#......
#~≈≈≈~.#.#.P##..
##~≈≈.##.#..###.


You could see 2 dire elephants and a necromancer (fleeing).

Vanquished Creatures
  A dire elephant (Lair:5)
  A fire dragon (Lair:4)
  2 hydras
  2 two-headed ogres
  A boulder beetle (D:12)
  3 death yaks (Lair:5)
  A spectral death yak (Lair:5)
  2 skysharks
  An obsidian statue (Lair:5)
  A spectral anaconda (Lair:5)
  A deep elf pyromancer (D:9)
  Pikel (D:8)
  3 cyclopes
  7 elephants
  A manticore (D:11)
  Joseph (D:10)
  A dire elephant zombie (Lair:5)
  2 black mambas
  2 gargoyles
  A dire elephant skeleton (Lair:5)
  5 rime drakes (Lair:4)
  2 unseen horrors (D:12)
  11 cane toads
  5 komodo dragons
  3 trolls
  2 polar bears
  12 blink frogs
  19 dream sheep
  Sigmund (D:5)
  2 shadows (D:9)
  4 wyverns
  A slime creature (D:9)
  20 yaks
  A vampire (D:10)
  A yak (shapeshifter) (D:9)
  A death yak simulacrum (Lair:5)
  2 steam dragons
  4 nagas (Lair:2)
  A spectral cane toad (Lair:5)
  7 water moccasins
  An acid dragon (D:10)
  A sky beast (D:6)
  4 black bears
  5 orc warriors
  An ice beast (D:7)
  An elephant zombie (Lair:5)
  2 ogres
  2 elephant skeletons (Lair:5)
  A lemure (D:8)
  5 centaurs
  A phantom (D:7)
  6 kobold brigands
  Blork the orc (D:5)
  13 bullfrogs
  3 gnoll sergeants
  6 scorpions
  2 cane toad simulacra (Lair:5)
  14 wights
  An elephant simulacrum (Lair:5)
  11 killer bees
  6 howler monkeys
  3 electric eels (Lair:5)
  3 bombardier beetles
  5 crimson imps
  3 lava snakes (Lair:5)
  Crazy Yiuf (D:2)
  3 hounds
  11 orc priests
  A gnoll bouda (D:6)
  A jelly (D:8)
  An iguana (D:5)
  2 sleepcaps
  11 orc wizards
  A statue (D:3)
  15 gnolls
  6 river rats (D:8)
  8 adders
  2 white imps
  4 ufetubi (D:6)
  12 dart slugs
  3 ribbon worms (D:2)
  36 orcs
  8 ball pythons
  6 endoplasms
  4 giant cockroaches
  14 goblins
  12 hobgoblins
  4 jackals (D:2)
  30 kobolds
  3 quokkas
  9 bats
  A frilled lizard (D:2)
  19 rats
468 creatures vanquished.

Vanquished Creatures (others)
  A kobold brigand (D:9)
  An orc wizard (D:9)
2 creatures vanquished.

Grand Total: 470 creatures vanquished

Notes
Turn   | Place    | Note
-------+----------+-------------------------------------------
     0 | D:1      | edsrzf the Formicid Alchemist began the quest for the Orb.
     0 | D:1      | Reached XP level 1. HP: 13/13 MP: 3/3
    16 | D:1      | Reached skill level 1 in Conjurations
   141 | D:1      | Reached XP level 2. HP: 17/19 MP: 0/5
   229 | D:1      | Reached skill level 2 in Conjurations
   515 | D:1      | Found a faded altar of an unknown god.
   519 | D:1      | Reached XP level 3. HP: 24/24 MP: 2/6
   981 | D:2      | Learned a level 3 spell: Mephitic Cloud
  1290 | D:2      | Reached XP level 4. HP: 30/30 MP: 2/7
  1700 | D:2      | Found a runed translucent door.
  1701 | D:2      | Noticed Crazy Yiuf
  2048 | D:2      | Identified 3 potions of mutation
  2048 | D:2      | Gained mutation: Your body sometimes deteriorates upon
                  | taking damage. [potion of mutation]
  2048 | D:2      | Gained mutation: You are resistant to electric shocks.
                  | (rElec) [potion of mutation]
  2048 | D:2      | Gained mutation: You occasionally lose the ability to drink
                  | potions when taking damage. [potion of mutation]
  2048 | D:2      | Gained mutation: You have sharp toenails. [potion of
                  | mutation]
  2049 | D:2      | Identified 2 potions of heal wounds
  2057 | D:2      | HP: 1/29 [Crazy Yiuf/+4 quarterstaff of chaos (1)]
  2058 | D:2      | Killed Crazy Yiuf
  2059 | D:2      | Reached skill level 3 in Spellcasting
  2059 | D:2      | Reached skill level 5 in Alchemy
  2059 | D:2      | Reached XP level 5. HP: 32/35 MP: 3/9
  2295 | D:3      | Found a radiant altar of Vehumet.
  2295 | D:3      | Noticed a frost-covered statue
  2361 | D:3      | Killed a frost-covered statue
  2365 | D:3      | Became a worshipper of Vehumet
  2429 | D:3      | Found a shadowy altar of Dithmenos.
  2509 | D:3      | Lost mutation: You occasionally lose the ability to drink
                  | potions when taking damage. [potion of mutation]
  2509 | D:3      | Lost mutation: You have sharp toenails. [potion of
                  | mutation]
  2509 | D:3      | Gained mutation: You occasionally shout uncontrollably at
                  | your foes. [potion of mutation]
  2509 | D:3      | Gained mutation: You have hidden genetic potential. [potion
                  | of mutation]
  2510 | D:3      | Lost mutation: You occasionally shout uncontrollably at
                  | your foes. [potion of mutation]
  2510 | D:3      | Lost mutation: You have hidden genetic potential. [potion
                  | of mutation]
  2510 | D:3      | Lost mutation: You are resistant to electric shocks.
                  | (rElec) [potion of mutation]
  2510 | D:3      | Gained mutation: You are covered in fur. (AC +1) [potion of
                  | mutation]
  2510 | D:3      | Gained mutation: Potions are less effective at restoring
                  | your health. [potion of mutation]
  2510 | D:3      | Gained mutation: You have hidden genetic potential. [potion
                  | of mutation]
  2510 | D:3      | Gained mutation: You are partially covered in large bone
                  | plates. (SH +4) [potion of mutation]
  2639 | D:3      | Reached XP level 6. HP: 41/41 MP: 8/11
  3007 | D:3      | Reached skill level 4 in Spellcasting
  3212 | D:4      | Reached skill level 6 in Alchemy
  3329 | D:4      | Reached skill level 1 in Armour
  3335 | D:4      | Gained mutation: You are resistant to electric shocks.
                  | (rElec) [hidden potential]
  3542 | D:4      | Reached * piety under Vehumet
  3542 | D:4      | Offered knowledge of Sandblast by Vehumet.
  3545 | D:4      | Learned a level 1 spell: Sandblast
  3658 | D:4      | Reached skill level 2 in Armour
  3658 | D:4      | Reached skill level 1 in Earth Magic
  3658 | D:4      | Reached XP level 7. HP: 46/46 MP: 9/13
  3792 | D:4      | Reached skill level 2 in Earth Magic
  3982 | D:4      | Found a hazy altar of Hepliaklqana.
  3988 | D:4      | Reached skill level 3 in Armour
  3996 | D:4      | Gained mutation: You are partially covered in iridescent
                  | scales. (AC +2) [hidden potential]
  3996 | D:4      | Lost mutation: You have hidden genetic potential. [hidden
                  | potential expressed]
  4162 | D:4      | Found a staircase to the Ecumenical Temple.
  4455 | D:4      | Identified 2 scrolls of amnesia
  4456 | D:4      | Identified 3 scrolls of identify
  4456 | D:4      | Identified a potion of cancellation
  4457 | D:4      | Identified a potion of resistance
  4458 | D:4      | Identified a potion of attraction
  4573 | D:5      | Entered Level 5 of the Dungeon
  4573 | D:5      | Noticed Sigmund
  4676 | D:5      | Reached skill level 3 in Earth Magic
  4807 | D:5      | Killed Sigmund
  4808 | D:5      | Reached skill level 4 in Armour
  4808 | D:5      | Reached skill level 4 in Earth Magic
  4849 | D:5      | Found a snail-covered altar of Cheibriados.
  4924 | D:5      | Noticed Blork the orc
  4928 | D:5      | Reached XP level 8. HP: 16/52 MP: 7/14
  4934 | D:5      | Identified 3 potions of enlightenment
  5054 | D:5      | Killed Blork the orc
  5055 | D:5      | Reached skill level 5 in Armour
  5055 | D:5      | Reached skill level 5 in Earth Magic
  5197 | D:5      | Found a shimmering altar of Xom.
  5242 | D:5      | Reached skill level 2 in Dodging
  5886 | D:6      | Found a bloodstained altar of Trog.
  6032 | D:6      | Reached skill level 6 in Armour
  6032 | D:6      | Reached skill level 3 in Dodging
  6033 | D:6      | Offered knowledge of Searing Ray by Vehumet.
  6034 | D:6      | Reached ** piety under Vehumet
  6043 | D:6      | Learned a level 2 spell: Searing Ray
  6184 | D:6      | Reached skill level 3 in Conjurations
  6270 | D:6      | Reached XP level 9. HP: 34/57 MP: 10/15
  6281 | D:6      | Reached skill level 4 in Conjurations
  6398 | D:6      | Reached skill level 5 in Conjurations
  6936 | D:6      | Offered knowledge of Scorch by Vehumet.
  6937 | D:6      | Reached skill level 6 in Conjurations
  7164 | D:6      | Noticed a two-headed ogre
  7174 | D:6      | Killed a two-headed ogre
  7175 | D:6      | Reached skill level 7 in Conjurations
  7513 | D:7      | Reached skill level 8 in Conjurations
  7566 | D:7      | Found a hide-covered altar of Uskayaw.
  7783 | D:7      | Reached XP level 10. HP: 50/63 MP: 8/16
  7784 | D:7      | Reached *** piety under Vehumet
  7979 | D:7      | Reached skill level 9 in Conjurations
  8483 | D:7      | Found a glowing silver altar of Zin.
  8547 | D:7      | Identified 3 potions of lignification
  8555 | D:7      | Offered knowledge of Fulminant Prism by Vehumet.
  8827 | D:8      | Reached skill level 10 in Conjurations
  8987 | D:8      | Identified a potion of brilliance
  9073 | D:8      | Found a burning altar of Makhleb.
  9092 | D:8      | Noticed Pikel
  9204 | D:8      | Killed Pikel
  9256 | D:8      | Noticed a cyclops
  9324 | D:8      | Reached **** piety under Vehumet
  9328 | D:8      | Offered knowledge of Arcjolt by Vehumet.
  9429 | D:8      | Killed a cyclops
  9430 | D:8      | Reached skill level 11 in Conjurations
  9846 | D:9      | Noticed TobyRickard's ghost (novice MiBe)
  9865 | D:9      | Found a transporter.
  9869 | D:9      | Found a transporter.
  9923 | D:9      | Reached skill level 1 in Fighting
  9924 | D:9      | Reached XP level 11. HP: 57/70 MP: 13/17
  9934 | D:9      | Reached skill level 2 in Fighting
  9942 | D:9      | Reached skill level 3 in Fighting
  9942 | D:9      | Reached skill level 5 in Spellcasting
  9942 | D:9      | Reached ***** piety under Vehumet
  9945 | D:9      | You fall into a shaft and drop 1 floor!
  9945 | D:10     | Entered Level 10 of the Dungeon
 10005 | D:10     | Offered knowledge of Iskenderun's Battlesphere by Vehumet.
 10006 | D:10     | Reached skill level 4 in Fighting
 10146 | D:10     | Identified 2 potions of degeneration
 10440 | D:10     | Noticed Joseph
 10453 | D:10     | Killed Joseph
 10454 | D:10     | Reached skill level 6 in Spellcasting
 10680 | D:10     | Reached skill level 5 in Fighting
 10924 | D:10     | Reached skill level 2 in Shields
 11038 | D:10     | Found a staircase to the Orcish Mines.
 11110 | D:9      | Reached skill level 3 in Shields
 11336 | D:9      | Noticed an elephant
 11338 | D:9      | Reached skill level 4 in Shields
 11360 | D:9      | Killed an elephant
 11361 | D:9      | Reached skill level 5 in Shields
 11559 | D:9      | Reached skill level 6 in Shields
 11677 | D:9      | Identified a potion of berserk rage
 11739 | D:9      | Reached skill level 7 in Shields
 11892 | D:9      | Noticed a cyclops
 11907 | D:9      | Killed a cyclops
 12056 | D:9      | Found an opulent altar of Gozag.
 12165 | D:9      | Noticed a deep elf pyromancer
 12175 | D:9      | Killed a deep elf pyromancer
 12176 | D:9      | Reached skill level 8 in Shields
 12212 | D:9      | Identified the staff of Interdependent Arising {rN+ Int+3
                  | Conj Summ}
 12360 | D:9      | Identified 3 potions of might
 12364 | D:9      | Found a staircase to the Lair.
 12369 | D:9      | Reached XP level 12. HP: 86/86 MP: 17/21
 12591 | D:10     | Identified 2 potions of haste
 12592 | D:10     | Identified a potion of invisibility
 12593 | D:10     | Identified a potion of curing
 12596 | D:10     | You fall into a shaft and drop 2 floors!
 12857 | D:12     | Reached skill level 9 in Shields
 13095 | D:12     | Noticed a boulder beetle
 13108 | D:12     | Killed a boulder beetle
 13109 | D:12     | Reached skill level 1 in Long Blades
 13177 | D:12     | Reached skill level 2 in Long Blades
 13237 | D:12     | Reached skill level 6 in Fighting
 13660 | D:11     | Reached skill level 3 in Long Blades
 13797 | D:11     | Found an opulent altar of Gozag.
 14008 | D:11     | Found a runed translucent door.
 14014 | D:11     | Noticed Yphutt's ghost (journeyman GnSk)
 14075 | D:11     | Noticed a two-headed ogre
 14088 | D:11     | Killed a two-headed ogre
 14089 | D:11     | Reached skill level 7 in Fighting
 14089 | D:11     | Reached skill level 4 in Long Blades
 14292 | D:11     | Found a portal to a secret trove of treasure.
 14993 | Lair:1   | Entered Level 1 of the Lair of Beasts
 14997 | Lair:1   | Found a basalt altar of Yredelemnul.
 15036 | Lair:1   | Reached skill level 5 in Long Blades
 15248 | Lair:1   | Reached skill level 8 in Fighting
 15669 | Lair:1   | Learned a level 5 spell: Yara's Violent Unravelling
 15726 | Lair:1   | Reached skill level 1 in Hexes
 15957 | Lair:1   | Reached skill level 6 in Long Blades
 15957 | Lair:1   | Reached skill level 2 in Hexes
 16428 | Lair:2   | Identified a scroll of poison
 16642 | Lair:2   | Found a staircase to the Snake Pit.
 16827 | Lair:2   | Reached skill level 3 in Hexes
 16890 | Lair:2   | Noticed a skyshark
 16904 | Lair:2   | Killed a skyshark
 16905 | Lair:2   | Reached XP level 13. HP: 93/99 MP: 13/22
 17006 | Lair:2   | Reached skill level 4 in Hexes
 17360 | Lair:3   | Offered knowledge of Ozocubu's Refrigeration by Vehumet.
 17361 | Lair:3   | Reached skill level 7 in Long Blades
 17556 | Lair:3   | Noticed an eight-headed hydra
 17576 | Lair:3   | You fall into a shaft and drop 1 floor!
 17585 | Lair:4   | Found a runed translucent gate.
 17586 | Lair:4   | Found a runed translucent gate.
 17587 | Lair:4   | Found a runed translucent gate.
 17611 | Lair:4   | Reached skill level 5 in Hexes
 17738 | Lair:4   | Found a staircase to the Slime Pits.
 17825 | Lair:4   | Reached skill level 6 in Hexes
 17989 | Lair:4   | Noticed a five-headed hydra
 18013 | Lair:4   | Killed a five-headed hydra
 18014 | Lair:4   | Reached skill level 8 in Long Blades
 18034 | Lair:4   | Reached skill level 7 in Hexes
 18169 | Lair:4   | Noticed Agrajag's ghost (journeyman MiBe)
 18171 | Lair:4   | Noticed a minotaur
 18205 | Lair:3   | Found a staircase to the Swamp.
 18936 | Lair:3   | Reached skill level 7 in Alchemy
 18995 | Lair:3   | Reached skill level 9 in Long Blades
 19638 | Lair:4   | Reached skill level 8 in Alchemy
 19642 | Lair:4   | Learned a level 3 spell: Stone Arrow
 19646 | Lair:4   | Learned a level 3 spell: Tukima's Dance
 20141 | Lair:4   | Noticed a fire dragon
 20152 | Lair:4   | Identified 6 scrolls of enchant armour
 20156 | Lair:4   | Identified 4 scrolls of enchant weapon
 20157 | Lair:4   | Identified 5 scrolls of immolation
 20161 | Lair:4   | You fall into a shaft and drop 1 floor!
 20161 | Lair:5   | Entered Level 5 of the Lair of Beasts
 20204 | Lair:5   | Reached skill level 9 in Alchemy
 20483 | Lair:4   | Reached skill level 10 in Long Blades
 20483 | Lair:4   | Identified a scroll of brand weapon
 20484 | Lair:4   | Identified a scroll of acquirement
 20485 | Lair:4   | Acquired a +2 triple sword of electrocution
 20491 | Lair:4   | Identified a scroll of butterflies
 20492 | Lair:4   | Identified a scroll of vulnerability
 20552 | Lair:4   | Reached XP level 14. HP: 106/106 MP: 20/23
 20942 | Lair:4   | Identified the +4 short sword "Segguita" {protect, Will+}
 21231 | Lair:5   | Reached skill level 10 in Alchemy
 21687 | Lair:5   | Reached skill level 11 in Long Blades
 21827 | Lair:5   | Lost mutation: Potions are less effective at restoring your
                  | health. [potion of mutation]
 21827 | Lair:5   | Lost mutation: You are resistant to electric shocks.
                  | (rElec) [potion of mutation]
 21827 | Lair:5   | Lost mutation: Your body sometimes deteriorates upon taking
                  | damage. [potion of mutation]
 21827 | Lair:5   | Gained mutation: You are dopey. (Int -2) [potion of
                  | mutation]
 21827 | Lair:5   | Gained mutation: You have very sharp teeth. [potion of
                  | mutation]
 21975 | Lair:5   | Identified a scroll of fear
 22052 | Lair:5   | Offered knowledge of Spellforged Servitor by Vehumet.
 22174 | Lair:5   | Noticed a dire elephant
 22174 | Lair:5   | Noticed a dire elephant
 22174 | Lair:5   | Noticed a dire elephant
 22189 | Lair:5   | Killed a dire elephant
 22190 | Lair:5   | Reached skill level 12 in Long Blades
 22346 | Lair:5   | Identified the +0 spear "Sagg" {vamp, Str+2}
 22837 | Lair:5   | HP: 3/106 [dire elephant (26)]
 22837 | Lair:5   | Slain by a dire elephant

Illustrated notes

Levels and vault maps discovered:
D:1:      dpeg_arrival_arbitrary_b, layout_rooms,
          dreamdust_ecumenical_altar_grove, minmay_hexomino_r4
D:2:      layout_loops_cross, uniq_crazy_yiuf_cottage
D:3:      kennysheep_slugbush, layout_basic, vehumet_statue,
          nicolae_overflow_crystal_walls
D:4:      layout_basic, mainiacjoe_overflow_concentric_impassable,
          minmay_temple_entry_mini_moons
D:5:      layout_cave_pods, lemuel_doored_altar, led_xom_imps,
          uniq_blork_the_orc, uniq_sigmund
D:6:      layout_basic, mainiacjoe_overflow_cross_hatched,
          minmay_misc_feat_nine_boxes, minmay_misc_feat_more_columns,
          serial_library_hellmonk_room_a, minivault_25, minmay_ogre_servants
D:7:      layout_loops_ring, nicolae_uskayaw_dance_hall, zin_scriptorium
D:8:      layout_cave_pools, makhleb_grotto_becter, dk_rats_in_the_wall,
          uniq_pikel
D:9:      cheibrodos_fzero, layout_irregular_city, mainiacjoe_overflow_catwalk,
          grunt_lair_entry_orc_guard_hut, gammafunk_ghost_hive, library_closet,
          serial_library_hellmonk_reading_circle, small_chamber_with_monster
D:10:     layout_loops_corners, orc_0_dummy, roderic_serpentine_path,
          kennysheep_generic_room_3, uniq_joseph
D:11:     layout_loops_ring, hellmonk_ghost_happy_afterlife,
          nicolae_trove_entry_diagonal, minmay_misc_feat_five,
          grunt_gozag_statues
D:12:     layout_basic, uniq_rupert
Lair:1:   layout_roguey, basic_altar
Lair:2:   layout_roguey, minmay_snake_entry_guardpost_small
Lair:3:   layout_gridlike, swamp_mist
Lair:4:   dragon1_lemuel, layout_hall_layers, dpeg_slime_entry_corner,
          maelrawn_ghost_gauntlet_escape, st_stairs_4
Lair:5:   due_jungle_book, layout_cellular_growth, nicolae_lair_liquid_snakes

Skill      XL: |  1  2  3  4  5  6  7  8  9 10 11 12 13 14 |
---------------+-------------------------------------------+-----
Conjurations   | 1 2 3 8 11 | 11.2
Spellcasting   | 3 4 6 |  6.3
Alchemy        | 5 6 9 10 | 10.0
Armour         | 2 4 6 |  6.1
Earth Magic    | 1 4 5 |  5.1
Dodging        | 3 |  3.2
Fighting       | 1 5 8 |  8.3
Shields        | 8 9 |  9.3
Long Blades    | 6 10 12 | 12.6
Hexes          | 3 7 |  7.5
Stealth        | |  2.4

Action                     |  1- 3 |  4- 6 |  7- 9 | 10-12 | 13-15 || total
---------------------------+-------+-------+-------+-------+-------++-------
  Melee: Unarmed           |    17 |       |       |       |       ||    17
         Dagger            |    10 |    23 |    49 |    37 |       ||   119
         Quarterstaff      |       |     7 |       |    28 |       ||    35
         Great sword       |       |       |       |       |   246 ||   246
         Triple sword      |       |       |       |       |   142 ||   142
         Bite              |       |       |       |       |    16 ||    16
  Throw: Throwing net      |       |       |     1 |       |     1 ||     2
   Cast: Sting             |    66 |   115 |   255 |   290 |    60 ||   786
         Mephitic Cloud    |       |       |     1 |     8 |     5 ||    14
         Searing Ray       |       |       |     5 |   123 |    45 ||   173
         Sandblast         |       |       |       |     1 |       ||     1
         Stone Arrow       |       |       |       |       |    17 ||    17
Ability: Dig               |       |       |       |     1 |     3 ||     4
         Shaft Self        |       |       |       |     2 |     2 ||     4
  Evoke: Wand              |       |       |       |     4 |     2 ||     6
    Use: Potion            |       |     5 |     2 |     4 |     9 ||    20
         Scroll            |       |       |     4 |     5 |    14 ||    23
   Stab: Paralysed         |       |       |       |    12 |     6 ||    18
         Confused          |       |       |       |       |     3 ||     3
         Held in net/web   |       |       |       |       |     2 ||     2
 Armour: Robe              |    34 |     6 |       |       |       ||    40
         Scale mail        |       |    50 |   117 |   315 |   374 ||   856
         Skin              |       |       |       |    14 |       ||    14
  Dodge: Dodged            |    42 |    25 |    67 |   170 |   177 ||   481
  Block: Other             |       |     3 |    31 |    38 |       ||    72
         Buckler           |       |       |       |   273 |   434 ||   707
         Reflection        |       |       |       |    19 |     5 ||    24
